 Dungeon Crawl Stone Soup version 0.29.0-4-gdea44cf6ec (webtiles) character file.

Game seed: 16560007855297054662

5 qw the Chopper (level 1, -1/18 HPs)
             Began as a Demonspawn Cinder Acolyte on Sept 9, 2022.
             Was a High Priest of Ignis.
             Succumbed to their own poison gas
             ... on level 1 of the Dungeon.
             The game lasted 00:00:08 (871 turns).

qw the Chopper (Demonspawn Cinder Acolyte)           Turns: 871, Time: 00:00:09

Health: -1/18      AC:  3    Str: 14    XL:     1   Next: 66%
Magic:  2/2        EV: 11    Int: 15    God:    Ignis [*****.]
Gold:   52         SH:  0    Dex:  8    Spells: 2/2 levels left

rFire   + . .      SeeInvis .   Y - -1 hand axe (flame)
rCold   . . .      Faith    .   (no shield)
rNeg    . . .      Spirit   .   d - +0 leather armour
rPois   .          Reflect  .   (no helmet)
rElec   .          Harm     .   (no cloak)
rCorr   .          Rampage  .   (no gloves)
Will    .....                   (no boots)
Stlth   +.........              (no amulet)
HPRegen 0.06/turn               (no ring)
MPRegen 0.08/turn               (no ring)

@: lethally poisoned (-1 -> -10)
A: no striking features
a: Renounce Religion, Fiery Armour, Foxfire Swarm, Rising Flame


You were on level 1 of the Dungeon.
You worshipped Ignis.
Ignis was extremely pleased with you.
You visited 1 branch of the dungeon, and saw 1 of its levels.

You collected 52 gold pieces.


   Skills:
 - Level 3.0 Fighting
 + Level 3.1 Axes
 - Level 1.0 Spellcasting
 - Level 2.6 Fire Magic


You had 2 spell levels left.
You didn't know any spells.
Your spell library contained the following spells:

 Spells                   Type           Power      Damage    Failure   Level
 Scorch                   Fire           16%        2d6       16%         2

Inventory:

Hand Weapons
 Y - a -1 hand axe of flaming (weapon)
Armour
 d - a +0 leather armour (worn)
Scrolls
 h - a scroll of identify
Potions
 c - a potion of curing {unknown}
 f - a potion of might {unknown}
 g - a potion of flight {unknown}

Dungeon Overview and Level Annotations

Branches:
Dungeon (1/15)

Altars:


Message History

h - 2 scrolls labelled DEAHYO ONWIU (gained 1)
You now have 52 gold pieces (gained 19).
You see here a +0 club.
Done exploring.
Done exploring.
855 ||| UPGRADING to +0 leather armour.
You start removing your armour.
You continue taking off your +0 robe. x4
You finish taking off your +0 robe.
You start putting on your armour.
You continue putting on your +0 leather armour. x5
You finish putting on your +0 leather armour.
865 ||| DROPPING +0 robe.
You drop a +0 robe.
Done exploring.
866 ||| READING scroll labelled NUBAXT PIHO.
The air fills with toxic fumes!
As you read the scroll labelled NUBAXT PIHO, it crumbles to dust.
It was a scroll of poison.
Done exploring.
867 ||| READING 2 scrolls labelled DEAHYO ONWIU.
As you read the scroll labelled DEAHYO ONWIU, it crumbles to dust.
It is a scroll of identify.
Really abort (and waste the scroll)?
Done exploring.
(D) Dungeon
Where to? (* - list waypoints, ? - help)
What level of the Dungeon? (default 1, ? - help) Sorry, I don't know how to get there.
Done exploring.
868 ||| Stepping randomly (stuck).
Really walk into that cloud of poison gas?
You are engulfed in poison gas.
You are lethally poisoned!
You feel very sick.
869 ||| Stepping ~*~*~tactically~*~*~ (cloud).
You feel very sick.
You see here a +0 robe.
There is a lethal amount of poison in your body!
You feel sick.
There is a lethal amount of poison in your body!
You die...

#..# #......## #¤0#
#.####.## #¤¤# #.#
#.# #¤¤# #.# #.#
#¤0# #.# #.# #¤¤#
####.## #.## #¤¤#
#.....# #...
#¤¤#####¤¤...# ####
#¤@¤¤¤¤¤¤¤...######
########¤¤.........
#.....######
#######


There were no monsters in sight!

Vanquished Creatures
  A goblin (D:1)
  A hobgoblin (D:1)
  A quokka (D:1)
  2 frilled lizards (D:1)
5 creatures vanquished.

Notes
Turn   | Place    | Note
-------+----------+-------------------------------------------
     0 | D:1      | qw the Demonspawn Cinder Acolyte began the quest for the
                  | Orb.
     0 | D:1      | Reached XP level 1. HP: 18/18 MP: 2/2
     0 | D:1      | 0 ||| qw: Version: 0.1-a-113-g051387a
     0 | D:1      | 0 ||| qw: Game counter: 7061
     0 | D:1      | 0 ||| qw: Always use a shield: true
     0 | D:1      | 0 ||| qw: God list: Okawaru
     0 | D:1      | 0 ||| qw: Allow faded altars: false
     0 | D:1      | 0 ||| qw: Do Orc after D:15 true
     0 | D:1      | 0 ||| qw: Do second Lair branch before Depths: true
     0 | D:1      | 0 ||| qw: Lair rune preference: random
     0 | D:1      | 0 ||| qw: Plans: Normal
     0 | D:1      | 0 ||| PLANNING D:1-11
   481 | D:1      | Reached skill level 3 in Axes
   482 | D:1      | 482 ||| Stepping ~*~*~tactically~*~*~ (stealth).
   497 | D:1      | 497 ||| INVOKING Fiery Armour.
   855 | D:1      | 855 ||| UPGRADING to +0 leather armour.
   865 | D:1      | 865 ||| DROPPING +0 robe.
   866 | D:1      | 866 ||| READING scroll labelled NUBAXT PIHO.
   867 | D:1      | 867 ||| READING 2 scrolls labelled DEAHYO ONWIU.
   868 | D:1      | 868 ||| Stepping randomly (stuck).
   869 | D:1      | 869 ||| Stepping ~*~*~tactically~*~*~ (cloud).
   869 | D:1      | HP: 3/18 [poisoned by you (poison gas)]
   870 | D:1      | HP: 1/18 [poisoned by you (poison gas)]
   871 | D:1      | Succumbed to their own poison gas

Levels and vault maps discovered:
D:1:      roderic_crossed_star, layout_loops_ring, minmay_hedge_maze,
          minmay_misc_feat_columns, corexii_leaking_fountain

Skill      XL: |  1 |
---------------+----+-----
Axes           | 3 |  3.1
Fighting       | |  3.0
Spellcasting   | |  1.0
Fire Magic     | |  2.6

Action                   || total
-------------------------++-------
Melee: Hand axe          ||    12
Invok: Fiery Armour      ||     1
  Use: Scroll            ||     2
Armor: Robe              ||     2
Dodge: Dodged            ||     6

Table legend:
 A = Non-vault XP
 B = Vault XP
 C = Vault XP percentage of total XP
 D = Non-vault monster count
 E = Vault monster count
 F = Vault count percentage of total count
                 A         B        C        D         E       F
            +---------+---------+-------+---------+---------+-------
      Total |       8 |       0 |   0.0 |       5 |       0 |   0.0
            +---------+---------+-------+---------+---------+-------
        D:1 |       8 |       0 |   0.0 |       5 |       0 |   0.0
            +---------+---------+-------+---------+---------+-------
